[Event "18th Charleroi Open-A 2019"]
[Site "Charleroi"]
[Date "2019.07.31"]
[Round "6.21"]
[White "Vernimmen, Pierre"]
[Black "Hafner, Christian"]
[Result "1-0"]
[ECO "A59"]
[WhiteElo "1911"]
[BlackElo "2071"]
[Annotator "NA"]
[PlyCount "95"]
[EventDate "2019.07.22"]
[EventType "swiss"]
[EventCountry "BEL"]
[SourceTitle "playchess.com"]
[Source "ChessBase"]
[SourceQuality "1"]
[TimeControl "40/5400+30:1800+30"]

1. d4 Nf6 2. c4 c5 3. d5 b5 4. cxb5 a6 5. bxa6 g6 6. Nc3 Bxa6 7. e4 Bxf1 8. Kxf1 d6 9. Nf3 Nbd7 10. g3 Bg7 11. Kg2 O-O 12. a4 Ng4 13. Qe2 Qb6 14. h3 Nge5 15. Nxe5 Nxe5 16. f4 Nd7 17. Bd2 Rfc8 18. b3 Bxc3 19. Bxc3 Qxb3 20. Qd3 Rxa4 21. Rxa4 Qxa4 22. Ra1 Qb3 23. Ra7 Rd8 24. Qd2 Qb6 25. Qa2 f6 26. Qa4 Qb1 27. Rxd7 Rxd7 28. Qxd7 Qxe4+ 29. Kh2 Kf7 30. Qe6+ Qxe6 31. dxe6+ Kxe6 32. Kg2 Kd5 33. Kf3 Kc4 34. Ba5 Kd3 35. Bd8 e5 36. Bxf6 e4+ 37. Kf2 d5 38. g4 d4 39. f5 e3+ 40. Kf3 c4 41. Bxd4 Kxd4 42. f6 c3 43. f7 c2 44. f8=Q c1=Q 45. Qd6+ Kc3 46. Qc5+ Kd2 47. Qxc1+ Kxc1 48. Kxe3 1-0

[Event "18th Charleroi Open-A 2019"]
[Site "Charleroi"]
[Date "2019.07.31"]
[Round "6.23"]
[White "De Weird, Matthias"]
[Black "Boucquet, Emile"]
[Result "0-1"]
[ECO "B20"]
[WhiteElo "2009"]
[BlackElo "2064"]
[Annotator "NA"]
[PlyCount "82"]
[EventDate "2019.07.22"]
[EventType "swiss"]
[EventCountry "BEL"]
[SourceTitle "playchess.com"]
[Source "ChessBase"]
[SourceQuality "1"]
[TimeControl "40/5400+30:1800+30"]

1. a3 c5 2. e4 Nf6 3. Nc3 Nc6 4. Bc4 e6 5. Nf3 d5 6. exd5 exd5 7. Bb5 Bg4 8. O-O Be7 9. h3 Bh5 10. d3 O-O 11. g4 Nxg4 12. hxg4 Bxg4 13. Bxc6 bxc6 14. Kg2 Qc8 15. Ne2 Bh3+ 16. Kg1 Qg4+ 17. Ng3 Bxf1 18. Kxf1 h5 19. Qe1 Bd6 20. Nh2 Qg6 21. f4 h4 22. Nh1 c4 23. Qxh4 cxd3 24. Nf2 dxc2 25. Bd2 Rab8 26. Bc3 Bxa3 27. f5 Qxf5 28. Bxg7 Kxg7 29. Qg3+ Kh7 30. Qxa3 Rg8 31. Qc3 d4 32. Qxd4 Qb5+ 33. Nd3 Rbd8 34. Qh4+ Kg7 35. Kf2 Qxd3 36. Rg1+ Kf8 37. Qh6+ Ke7 38. Re1+ Kd7 39. Nf3 Rge8 40. Re5 Qd6 41. Qh3+ Kc7 0-1

[Event "18th Charleroi Open-A 2019"]
[Site "Charleroi"]
[Date "2019.07.31"]
[Round "6.24"]
[White "Guion, Geoffrey"]
[Black "Van Dijck, Bjarne"]
[Result "0-1"]
[ECO "C45"]
[WhiteElo "2006"]
[BlackElo "2053"]
[Annotator "NA"]
[PlyCount "38"]
[EventDate "2019.07.22"]
[EventType "swiss"]
[EventCountry "BEL"]
[SourceTitle "playchess.com"]
[Source "ChessBase"]
[SourceQuality "1"]
[TimeControl "40/5400+30:1800+30"]

1. e4 e5 2. Nf3 Nc6 3. d4 exd4 4. Nxd4 Bc5 5. Nxc6 bxc6 6. Bd3 d6 7. O-O Nf6 8. Nc3 Ng4 9. Be2 h5 10. g3 Qf6 11. Bf3 Ne5 12. Bg2 Ba6 13. Ne2 Ng4 14. Qe1 h4 15. e5 dxe5 16. b4 Bb6 17. a4 hxg3 18. hxg3 g5 19. Be4 Qh6 0-1

[Event "18th Charleroi Open-A 2019"]
[Site "Charleroi"]
[Date "2019.07.31"]
[Round "6.25"]
[White "Moerman, Thomas"]
[Black "Fischer, Julie"]
[Result "0-1"]
[ECO "E94"]
[WhiteElo "1931"]
[BlackElo "2050"]
[Annotator "NA"]
[PlyCount "64"]
[EventDate "2019.07.22"]
[EventType "swiss"]
[EventCountry "BEL"]
[SourceTitle "playchess.com"]
[Source "ChessBase"]
[SourceQuality "1"]
[TimeControl "40/5400+30:1800+30"]

1. d4 Nf6 2. c4 g6 3. Nc3 Bg7 4. e4 d6 5. Nf3 O-O 6. Be2 Na6 7. O-O e5 8. Be3 Qe8 9. d5 Ng4 10. Bc1 f5 11. Ne1 Nf6 12. f3 f4 13. Nd3 g5 14. g3 Qg6 15. c5 g4 16. Bxf4 gxf3 17. Bxf3 exf4 18. Nxf4 Qe8 19. cxd6 cxd6 20. Qe2 Bd7 21. Rae1 Qe5 22. Kh1 Nc5 23. Nb5 Ne8 24. b4 Na4 25. Nh5 Bxb5 26. Qxb5 Rxf3 27. Rxf3 Qxh5 28. Rf5 Qg6 29. Qxa4 Nf6 30. Ref1 Ng4 31. Qb3 Qh6 32. h4 Qd2 0-1

[Event "18th Charleroi Open-A 2019"]
[Site "Charleroi"]
[Date "2019.07.31"]
[Round "6.26"]
[White "De Block, Fabio"]
[Black "Bruno, Ricardo"]
[Result "0-1"]
[ECO "E91"]
[WhiteElo "2039"]
[BlackElo "2007"]
[Annotator "NA"]
[PlyCount "62"]
[EventDate "2019.07.22"]
[EventType "swiss"]
[EventCountry "BEL"]
[SourceTitle "playchess.com"]
[Source "ChessBase"]
[SourceQuality "1"]
[TimeControl "40/5400+30:1800+30"]

1. d4 Nf6 2. c4 g6 3. Nc3 Bg7 4. e4 d6 5. Nf3 O-O 6. Be2 Bg4 7. Be3 Nfd7 8. h3 Bxf3 9. Bxf3 Nc6 10. O-O e5 11. dxe5 dxe5 12. Bg4 Nd4 13. b4 f5 14. Bf3 f4 15. Bc1 a5 16. b5 Rf7 17. Ba3 Bf8 18. Bb2 Nb6 19. Nd5 Nxf3+ 20. Qxf3 Nxc4 21. Bc1 c6 22. bxc6 bxc6 23. Nc3 Bb4 24. Rd1 Rd7 25. Rxd7 Qxd7 26. a3 Bc5 27. Na4 Bd4 28. Rb1 Qa7 29. Qb3 Qf7 30. Qc2 Qe6 31. Nb2 Nxa3 0-1

[Event "18th Charleroi Open-A 2019"]
[Site "Charleroi"]
[Date "2019.07.31"]
[Round "6.27"]
[White "Partoens, Remi"]
[Black "Miulescu, Gabriel"]
[Result "1-0"]
[ECO "B22"]
[WhiteElo "1957"]
[BlackElo "2020"]
[Annotator "NA"]
[PlyCount "83"]
[EventDate "2019.07.22"]
[EventType "swiss"]
[EventCountry "BEL"]
[SourceTitle "playchess.com"]
[Source "ChessBase"]
[SourceQuality "1"]
[TimeControl "40/5400+30:1800+30"]

1. e4 c5 2. c3 Nf6 3. e5 Nd5 4. d4 cxd4 5. cxd4 e6 6. Nf3 d6 7. a3 Be7 8. Bd3 Nc6 9. O-O a6 10. b4 Bd7 11. Nbd2 dxe5 12. dxe5 f5 13. Bb2 O-O 14. Nb3 Be8 15. Nbd4 Nxd4 16. Nxd4 Qd7 17. Bc4 Bf7 18. Qf3 Rad8 19. Rad1 b5 20. Bb3 Qb7 21. Rfe1 Rd7 22. Nxf5 Bg6 23. Nxe7+ Rxe7 24. Bxd5 exd5 25. Qxd5+ Qxd5 26. Rxd5 Re6 27. Bd4 Rc8 28. Bc5 Bf7 29. Rd6 a5 30. f4 g6 31. g4 axb4 32. axb4 Rce8 33. Kf2 Ra8 34. f5 Ra2+ 35. Kg3 gxf5 36. gxf5 Rxd6 37. Bxd6 Bd5 38. e6 Rg2+ 39. Kh3 Rd2 40. Bc5 Bc6 41. f6 Rd3+ 42. Kh4 1-0

[Event "18th Charleroi Open-A 2019"]
[Site "Charleroi"]
[Date "2019.07.31"]
[Round "6.28"]
[White "Dierckens, Sarah"]
[Black "Lui, Eric"]
[Result "0-1"]
[ECO "B99"]
[WhiteElo "1770"]
[BlackElo "1884"]
[Annotator "NA"]
[PlyCount "88"]
[EventDate "2019.07.22"]
[EventType "swiss"]
[EventCountry "BEL"]
[SourceTitle "playchess.com"]
[Source "ChessBase"]
[SourceQuality "1"]
[TimeControl "40/5400+30:1800+30"]

1. e4 c5 2. Nf3 d6 3. d4 cxd4 4. Nxd4 Nf6 5. Nc3 a6 6. Bg5 e6 7. f4 h6 8. Bh4 Be7 9. Qf3 Qc7 10. O-O-O Nbd7 11. g4 g5 12. fxg5 Ne5 13. Qe2 Nfxg4 14. h3 hxg5 15. Bg3 Bd7 16. Bg2 Nf6 17. Rhf1 Rc8 18. Nf3 Nh5 19. Nxe5 dxe5 20. Rxd7 Qxd7 21. Bxe5 f6 22. Rd1 Qc6 23. Bd6 Bxd6 24. e5 Qc4 25. exd6 Kd8 26. Bxb7 Qxe2 27. Nxe2 Rb8 28. Bxa6 Ng7 29. Nd4 Rb6 30. Bc4 Rxh3 31. Nxe6+ Nxe6 32. Bxe6 Re3 33. Bg4 Rb4 34. Bf5 Rf4 35. Bd3 Rd4 36. Bb5 Rxd1+ 37. Kxd1 f5 38. a4 g4 39. a5 Re5 40. Bd3 Rxa5 41. Ke2 Re5+ 42. Kf2 f4 43. b3 Kd7 44. Be2 g3+ {[%emt 0:14:39] Bd3} 0-1

[Event "18th Charleroi Open-A 2019"]
[Site "Charleroi"]
[Date "2019.07.31"]
[Round "6.29"]
[White "Zamparo, Sergio"]
[Black "Roos, David"]
[Result "0-1"]
[ECO "C44"]
[WhiteElo "2031"]
[BlackElo "2114"]
[Annotator "ChessBase"]
[PlyCount "144"]
[EventDate "2019.07.22"]
[EventType "swiss"]
[EventCountry "BEL"]
[SourceTitle "playchess.com"]
[Source "ChessBase"]
[SourceQuality "1"]
[TimeControl "40/5400+30:1800+30"]

1. e4 e5 2. Nf3 Nc6 3. c3 d5 4. Qa4 f6 5. Bb5 Nge7 6. d3 Be6 7. O-O a6 8. Bxc6+ Nxc6 9. Re1 Qd7 10. Nbd2 Be7 11. exd5 Bxd5 12. d4 exd4 13. Nxd4 O-O-O 14. N2f3 Kb8 15. Qc2 g6 16. Nxc6+ Bxc6 17. Nd4 Bd5 18. b4 Bxb4 19. cxb4 Qg4 20. f3 Qxd4+ 21. Be3 Qxb4 22. Bc5 Qa5 23. Be7 Rd7 24. Qf2 f5 25. Bf6 Rf8 26. Be5 Bc6 27. Bf4 Qa4 28. Bh6 Rc8 29. Rec1 Rcd8 30. Re1 Rd1 31. Qb2 f4 32. Raxd1 Rxd1 33. Rxd1 Qxd1+ 34. Kf2 Qd6 35. Bg7 Bb5 36. Qd4 Qe7 37. Be5 g5 38. Qd5 Qa3 39. Qd8+ Ka7 40. Qd2 b6 41. Bd4 Qa4 42. Ke1 Bc4 43. Bf6 h6 44. Bg7 Qe8+ 45. Kf2 Qe6 46. a3 Qe7 47. Bb2 h5 48. h3 Bb5 49. Qd4 Kb7 50. Qe4+ Qxe4 51. fxe4 g4 52. hxg4 hxg4 53. Bc1 Bc6 54. Bxf4 Bxe4 55. g3 c5 56. Ke3 Bf3 57. Kd3 Kc6 58. Kc3 b5 59. Bh6 a5 60. Bf8 b4+ 61. Kb2 Bd1 62. Be7 Kb5 63. Kc1 Bb3 64. Kb2 c4 65. Bd8 Ka4 66. Kc1 c3 67. Bc7 Kxa3 68. Bxa5 Ba4 69. Kb1 Kb3 70. Bd8 Kc4 71. Bg5 b3 72. Bf6 Bc6 0-1

[Event "18th Charleroi Open-A 2019"]
[Site "Charleroi"]
[Date "2019.07.31"]
[Round "6.32"]
[White "Van Haelst, Raymond"]
[Black "Dugailliez, Guy"]
[Result "1/2-1/2"]
[ECO "A04"]
[WhiteElo "1947"]
[BlackElo "2063"]
[Annotator "NA"]
[PlyCount "99"]
[EventDate "2019.07.22"]
[EventType "swiss"]
[EventCountry "BEL"]
[SourceTitle "playchess.com"]
[Source "ChessBase"]
[SourceQuality "1"]
[TimeControl "40/5400+30:1800+30"]

1. Nf3 Nf6 2. g3 d6 3. Bg2 c5 4. d4 cxd4 5. Nxd4 Qb6 6. O-O Nc6 7. Nb3 g6 8. Nc3 Bg7 9. Bg5 Be6 10. Qd2 h6 11. Be3 Qc7 12. h3 Ne5 13. Nd4 Bd7 14. Ncb5 Qc8 15. b3 a6 16. f4 Nc6 17. Nxc6 axb5 18. Nb4 Bxh3 19. Bb6 Bxg2 20. Kxg2 Qe6 21. Rad1 O-O 22. Rf3 Ne4 23. Qd3 Nc5 24. Qxb5 Rfc8 25. Nd5 Qe4 26. Rd2 Rxa2 27. b4 Rb2 28. Kh2 Rb1 29. Bxc5 Kh7 30. Qxb7 Qf5 31. Bg1 Rxc2 32. Rxc2 Qxc2 33. Qb6 Qxe2+ 34. Qf2 Qe4 35. Nc3 Bxc3 36. Rxc3 Qxb4 37. Rc2 Qb5 38. Qd4 Qf5 39. Rd2 Qg4 40. Qd3 Re1 41. Kg2 h5 42. Bf2 Rc1 43. Qd5 Kg7 44. Bd4+ f6 45. Qe4 Rc7 46. Bb6 Rd7 47. Rd3 h4 48. Re3 g5 49. fxg5 Qxe4+ 50. Rxe4 1/2-1/2

[Event "18th Charleroi Open-A 2019"]
[Site "Charleroi"]
[Date "2019.08.01"]
[Round "7.1"]
[White "Gutenev, Alexander"]
[Black "Lugovskoy, Maxim"]
[Result "1/2-1/2"]
[ECO "E05"]
[WhiteElo "2470"]
[BlackElo "2425"]
[Annotator "ChessBase"]
[PlyCount "30"]
[EventDate "2019.07.22"]
[EventType "swiss"]
[EventCountry "BEL"]
[SourceTitle "playchess.com"]
[Source "ChessBase"]
[SourceQuality "1"]
[TimeControl "40/5400+30:1800+30"]

1. d4 Nf6 2. c4 e6 3. Nf3 d5 4. g3 Be7 5. Bg2 O-O 6. O-O dxc4 7. Qc2 a6 8. Qxc4 b5 9. Qc2 Bb7 10. Bd2 Be4 11. Qc1 Bb7 12. Qc2 Be4 13. Qc1 Bb7 14. Qc2 Be4 15. Qc1 Bb7 1/2-1/2

[Event "18th Charleroi Open-A 2019"]
[Site "Charleroi"]
[Date "2019.08.01"]
[Round "7.2"]
[White "Gurevich, Mikhail"]
[Black "Mirzoev, Azer"]
[Result "1/2-1/2"]
[ECO "A36"]
[WhiteElo "2587"]
[BlackElo "2474"]
[Annotator "ChessBase"]
[PlyCount "116"]
[EventDate "2019.07.22"]
[EventType "swiss"]
[EventCountry "BEL"]
[SourceTitle "playchess.com"]
[Source "ChessBase"]
[SourceQuality "1"]
[TimeControl "40/5400+30:1800+30"]

1. c4 c5 2. Nc3 Nc6 3. g3 g6 4. Bg2 Bg7 5. Rb1 d6 6. a3 a5 7. d3 Nh6 8. e4 O-O 9. Nge2 f5 10. O-O Nf7 11. f4 e5 12. Nd5 exf4 13. gxf4 Ne7 14. Ne3 Ra7 15. Bd2 b6 16. Bc3 Nh6 17. Bxg7 Kxg7 18. Qd2 Be6 19. Qc3+ Kg8 20. Ng3 fxe4 21. dxe4 Nc6 22. Nc2 Rc7 23. Rbd1 Qe7 24. Rd2 Qg7 25. Rxd6 Qxc3 26. bxc3 Bxc4 27. Rf2 Ng4 28. Rf3 Bb3 29. Ne3 Nxe3 30. Rxe3 Rxf4 31. e5 Ne7 32. Rxb6 Bd5 33. Ne4 Kg7 34. Nf6 Bf7 35. Re4 Rf5 36. Re2 Rg5 37. Kf2 Ng8 38. Bf3 Rf5 39. Nxg8 Bxg8 40. Kg3 Re7 41. e6 h5 42. c4 Kf6 43. Bd5 Re5 44. Rxe5 Kxe5 45. Rc6 Bxe6 46. Rxc5 h4+ 47. Kf3 Kd4 48. Rxa5 Bf5 49. Ra8 Re3+ 50. Kf4 Re2 51. a4 Rxh2 52. a5 Ra2 53. a6 h3 54. a7 Kc5 55. Ke5 Re2+ 56. Kf4 Ra2 57. Ke5 Re2+ 58. Kf4 Ra2 {[%emt 0:08:04] Ke4} 1/2-1/2

[Event "18th Charleroi Open-A 2019"]
[Site "Charleroi"]
[Date "2019.08.01"]
[Round "7.3"]
[White "Maerevoet, Sim"]
[Black "Miezis, Normunds"]
[Result "0-1"]
[ECO "E11"]
[WhiteElo "2321"]
[BlackElo "2495"]
[Annotator "ChessBase"]
[PlyCount "63"]
[EventDate "2019.07.22"]
[EventType "swiss"]
[EventCountry "BEL"]
[SourceTitle "playchess.com"]
[Source "ChessBase"]
[SourceQuality "1"]
[TimeControl "40/5400+30:1800+30"]

1. d4 Nf6 2. c4 e6 3. Nf3 Bb4+ 4. Nbd2 O-O 5. a3 Be7 6. e4 d6 7. Be2 Nbd7 8. Qc2 e5 9. O-O Re8 10. b3 Bf8 11. Bb2 exd4 12. Nxd4 Nc5 13. Rad1 Bd7 14. f3 g6 15. Nb1 Bg7 16. Nc3 a5 17. Rfe1 c6 18. Bf1 Nh5 19. Bc1 f5 20. Be3 fxe4 21. Nxe4 Nxe4 22. fxe4 Nf6 23. Bf4 Bg4 24. Nf3 d5 25. cxd5 cxd5 26. e5 Bxf3 27. gxf3 Nh5 28. Rxd5 Qd7 29. Rd6 Qxd6 30. Bc4+ Qd5 31. Bf1 Nxf4 32. Bc4 0-1

[Event "18th Charleroi Open-A 2019"]
[Site "Charleroi"]
[Date "2019.08.01"]
[Round "7.5"]
[White "Goormachtigh, Johan"]
[Black "De Waele, Warre"]
[Result "1/2-1/2"]
[ECO "D38"]
[WhiteElo "2164"]
[BlackElo "2225"]
[Annotator "NA"]
[PlyCount "39"]
[EventDate "2019.07.22"]
[EventType "swiss"]
[EventCountry "BEL"]
[SourceTitle "playchess.com"]
[Source "ChessBase"]
[SourceQuality "1"]
[TimeControl "40/5400+30:1800+30"]

1. d4 Nf6 2. c4 e6 3. Nf3 d5 4. Nc3 Bb4 5. Qa4+ Nc6 6. e3 O-O 7. Qc2 Re8 8. Bd2 a6 9. h3 Bd7 10. a3 Bd6 11. cxd5 exd5 12. Bd3 Na7 13. Qb3 c6 14. Qxb7 Nb5 15. Nxb5 axb5 16. Ne5 Rb8 17. Qa7 Ra8 18. Qb7 Rb8 19. Qa7 Ra8 20. Qb7 1/2-1/2

[Event "18th Charleroi Open-A 2019"]
[Site "Charleroi"]
[Date "2019.08.01"]
[Round "7.6"]
[White "Abdullayev, Elshad"]
[Black "Ghyselen, Wouter"]
[Result "1-0"]
[ECO "A41"]
[WhiteElo "2204"]
[BlackElo "2078"]
[Annotator "NA"]
[PlyCount "79"]
[EventDate "2019.07.22"]
[EventType "swiss"]
[EventCountry "BEL"]
[SourceTitle "playchess.com"]
[Source "ChessBase"]
[SourceQuality "1"]
[TimeControl "40/5400+30:1800+30"]

1. d4 d6 2. Nf3 g6 3. c4 Bg7 4. Nc3 e5 5. Bg5 f6 6. Be3 Nh6 7. dxe5 dxe5 8. Qa4+ Nd7 9. c5 O-O 10. g4 Nf7 11. h4 c6 12. h5 Qe7 13. Nh4 g5 14. Nf5 Qe6 15. h6 Bh8 16. Bg2 Rd8 17. Be4 Nf8 18. Bc2 Qe8 19. Ne4 Be6 20. Ned6 Nxd6 21. Nxd6 Qe7 22. O-O-O Rd7 23. Nf5 Qf7 24. Rxd7 Qxd7 25. Rd1 Qc7 26. Rd6 Rd8 27. Qxa7 Rxd6 28. cxd6 Qd7 29. Qb8 Kf7 30. a4 Ng6 31. a5 Qc8 32. Qa7 Qd7 33. b4 e4 34. Bxe4 Ne5 35. Qb8 Ng6 36. b5 Bd5 37. Bxd5+ cxd5 38. Qc7 Nf8 39. a6 bxa6 40. bxa6 1-0

[Event "18th Charleroi Open-A 2019"]
[Site "Charleroi"]
[Date "2019.08.01"]
[Round "7.7"]
[White "Anciaux, Marc"]
[Black "Verheyen, Olivier"]
[Result "1/2-1/2"]
[ECO "B92"]
[WhiteElo "2120"]
[BlackElo "2200"]
[Annotator "NA"]
[PlyCount "129"]
[EventDate "2019.07.22"]
[EventType "swiss"]
[EventCountry "BEL"]
[SourceTitle "playchess.com"]
[Source "ChessBase"]
[SourceQuality "1"]
[TimeControl "40/5400+30:1800+30"]

1. e4 c5 2. Nf3 d6 3. d4 cxd4 4. Nxd4 Nf6 5. Nc3 a6 6. Be2 e5 7. Nb3 Be7 8. O-O O-O 9. Be3 Be6 10. Qd2 Nbd7 11. Rfd1 Rc8 12. f3 Qc7 13. Rac1 Nb6 14. Qe1 d5 15. exd5 Nbxd5 16. Nxd5 Nxd5 17. Bd2 Qb6+ 18. Qf2 Qxf2+ 19. Kxf2 Nb4 20. Bxb4 Bxb4 21. c3 Be7 22. Bd3 f5 23. Kg1 Kf7 24. Re1 Rfd8 25. Rcd1 Kf6 26. Bc2 b6 27. Rxd8 Rxd8 28. Rd1 Rc8 29. Nc1 b5 30. Bb3 b4 31. Bxe6 Kxe6 32. Ne2 bxc3 33. Nxc3 Bc5+ 34. Kf1 Bd4 35. Ke2 g5 36. Rb1 h5 37. Kd3 g4 38. Ne2 Ba7 39. b4 Rd8+ 40. Kc3 Be3 41. a4 Rd2 42. Rb2 Rxb2 43. Kxb2 h4 44. h3 gxh3 45. gxh3 Kd5 46. b5 axb5 47. axb5 Kc4 48. Kc2 Kxb5 49. Kd3 Bf2 50. Nc3+ Kc5 51. Na4+ Kd6 52. Nc3 Bd4 53. Nb5+ Kc5 54. Na3 Kd5 55. Nc2 Bc5 56. Ne1 Be7 57. Nc2 e4+ 58. Ke2 Bc5 59. Ne1 Be7 60. fxe4+ fxe4 61. Nf3 Bf6 62. Nd2 Bd4 63. Nf3 Bf6 64. Nd2 Bd4 65. Nf3 1/2-1/2

[Event "18th Charleroi Open-A 2019"]
[Site "Charleroi"]
[Date "2019.08.01"]
[Round "7.8"]
[White "Hoffmeister, Frank"]
[Black "Van Doren, Bas"]
[Result "1-0"]
[ECO "D93"]
[WhiteElo "2187"]
[BlackElo "1976"]
[Annotator "NA"]
[PlyCount "81"]
[EventDate "2019.07.22"]
[EventType "swiss"]
[EventCountry "BEL"]
[SourceTitle "playchess.com"]
[Source "ChessBase"]
[SourceQuality "1"]
[TimeControl "40/5400+30:1800+30"]

1. d4 Nf6 2. c4 g6 3. Nc3 d5 4. Nf3 Bg7 5. Bf4 c6 6. e3 O-O 7. h3 Nbd7 8. cxd5 Nxd5 9. Nxd5 cxd5 10. Bd3 Nb6 11. O-O Bd7 12. Rc1 Nc4 13. Qe2 Qb6 14. b3 Nd6 15. Ne5 Be6 16. Rc5 Rfc8 17. Rfc1 a5 18. R1c3 Rxc5 19. Rxc5 a4 20. Bc2 axb3 21. Bxb3 Ne4 22. Qb5 Qxb5 23. Rxb5 Rc8 24. f3 Rc1+ 25. Kh2 Nd2 26. Rxb7 h5 27. e4 Nxb3 28. axb3 Rc3 29. b4 Bf6 30. b5 g5 31. Bd2 Rc2 32. Bb4 Bxe5+ 33. dxe5 dxe4 34. fxe4 Rc4 35. Bxe7 Rxe4 36. Bf6 g4 37. hxg4 hxg4 38. Kg3 Rb4 39. Kh4 Rb1 40. Rb8+ Kh7 41. Kg5 1-0

[Event "18th Charleroi Open-A 2019"]
[Site "Charleroi"]
[Date "2019.08.01"]
[Round "7.9"]
[White "Faybish, Nimrod"]
[Black "Dauw, Sterre"]
[Result "1/2-1/2"]
[ECO "D91"]
[WhiteElo "2220"]
[BlackElo "2148"]
[Annotator "NA"]
[PlyCount "147"]
[EventDate "2019.07.22"]
[EventType "swiss"]
[EventCountry "BEL"]
[SourceTitle "playchess.com"]
[Source "ChessBase"]
[SourceQuality "1"]
[TimeControl "40/5400+30:1800+30"]

1. d4 Nf6 2. c4 g6 3. Nc3 d5 4. Bg5 Bg7 5. Nf3 Ne4 6. Bh4 Nxc3 7. bxc3 dxc4 8. Qa4+ Qd7 9. Qxc4 b6 10. e3 Ba6 11. Qb3 Bxf1 12. Kxf1 O-O 13. Ke2 c5 14. dxc5 Na6 15. c6 Qxc6 16. Bxe7 Rfe8 17. Ba3 Qxc3 18. Qxc3 Bxc3 19. Rac1 Bg7 20. Rc4 Rec8 21. Rhc1 Rxc4 22. Rxc4 Bf8 23. Bxf8 Kxf8 24. g4 Nc5 25. g5 Ne6 26. h4 Rd8 27. Ne5 Rd5 28. f4 Ra5 29. Rc2 Kg7 30. Ng4 Rc5 31. Rd2 Rc1 32. Kf3 Rf1+ 33. Kg2 Ra1 34. Kf3 Rf1+ 35. Ke4 Rh1 36. Nh2 Nc5+ 37. Kf3 f5 38. gxf6+ Kxf6 39. h5 gxh5 40. e4 Rc1 41. Rd6+ Ke7 42. e5 Rc3+ 43. Kg2 Rc2+ 44. Kh3 Rxa2 45. f5 Rf2 46. f6+ Kf7 47. Rc6 Ne6 48. Rd6 Ng5+ 49. Kh4 Ne4 50. Rd7+ Ke8 51. Re7+ Kf8 52. Kh3 Ng5+ 53. Kg3 Ne4+ 54. Kh3 a5 55. Rb7 Rf5 56. Rxb6 Rxe5 57. Nf3 Rf5 58. Nd4 Rxf6 59. Rb8+ Kf7 60. Ra8 Rd6 61. Ra7+ Kg6 62. Nb5 Rd5 63. Nc7 Re5 64. Ra6+ Nf6 65. Ne6 Kf5 66. Nd4+ Kg6 67. Ne6 Kf5 68. Nd4+ Ke4 69. Nb3 Nd5 70. Rxa5 Nf4+ 71. Kg3 Re8 72. Nc5+ Ke3 73. Ra3+ Kd4 74. Kxf4 1/2-1/2

[Event "18th Charleroi Open-A 2019"]
[Site "Charleroi"]
[Date "2019.08.01"]
[Round "7.10"]
[White "Soyunlu, Narmin"]
[Black "Gijsen, Stief"]
[Result "0-1"]
[ECO "A34"]
[WhiteElo "2099"]
[BlackElo "2227"]
[Annotator "NA"]
[PlyCount "134"]
[EventDate "2019.07.22"]
[EventType "swiss"]
[EventCountry "BEL"]
[SourceTitle "playchess.com"]
[Source "ChessBase"]
[SourceQuality "1"]
[TimeControl "40/5400+30:1800+30"]

1. Nf3 Nf6 2. c4 c5 3. Nc3 d5 4. cxd5 Nxd5 5. g3 g6 6. Qb3 Nb4 7. a3 Be6 8. Qa4+ N4c6 9. Bg2 Bg7 10. Ng5 Bc8 11. Qc4 O-O 12. O-O e6 13. d3 b6 14. Qh4 h6 15. Nf3 Bb7 16. Qxd8 Rxd8 17. Nd2 Nd7 18. Nc4 Rab8 19. Bf4 e5 20. Be3 Nf8 21. f4 Nd4 22. Rad1 Bxg2 23. Kxg2 exf4 24. Bxf4 Rb7 25. a4 Re7 26. Rf2 Re6 27. Kf1 Nd7 28. h3 Nf6 29. Be5 Nc6 30. Bc7 Rd7 31. Bf4 Nh5 32. Kg2 Bd4 33. Bxh6 Bxf2 34. Kxf2 Nf6 35. Rf1 Nd4 36. Bg5 Nd5 37. e3 Nc2 38. Rc1 Ncb4 39. Ke2 f6 40. Bh6 Kh7 41. Bf8 Rd8 42. Bd6 Rdxd6 43. Nxd6 Rxd6 44. Nxd5 Nxd5 45. Rc4 Re6 46. e4 Nb4 47. Rc3 Rd6 48. a5 Kg7 49. axb6 axb6 50. Ra3 Rd7 51. Rb3 g5 52. Ra3 Kg6 53. Rb3 Rd8 54. Kd2 Kf7 55. Ke2 Ke6 56. h4 gxh4 57. gxh4 Rh8 58. d4 Rxh4 59. dxc5 bxc5 60. Re3 Ke5 61. Rc3 Rxe4+ 62. Kf3 Kd4 63. Rc1 f5 64. Rd1+ Ke5 65. Rd8 Rh4 66. Re8+ Kd4 67. Kg3 Re4 0-1

[Event "18th Charleroi Open-A 2019"]
[Site "Charleroi"]
[Date "2019.08.01"]
[Round "7.11"]
[White "Van Mechelen, Jan"]
[Black "Roger, Mehdi"]
[Result "1/2-1/2"]
[ECO "C00"]
[WhiteElo "2218"]
[BlackElo "2125"]
[Annotator "NA"]
[PlyCount "40"]
[EventDate "2019.07.22"]
[EventType "swiss"]
[EventCountry "BEL"]
[SourceTitle "playchess.com"]
[Source "ChessBase"]
[SourceQuality "1"]
[TimeControl "40/5400+30:1800+30"]

1. e4 e6 2. d3 d5 3. Nd2 Nf6 4. Ngf3 b6 5. c3 Be7 6. Be2 Bb7 7. Qa4+ Qd7 8. Qc2 Qc8 9. O-O c5 10. Re1 Nc6 11. Bf1 Qc7 12. b4 cxb4 13. cxb4 Rc8 14. a3 Nd4 15. Qxc7 Nxf3+ 16. Nxf3 Rxc7 17. Bf4 Rc8 18. e5 Nd7 19. Nd4 a6 20. g3 Nb8 1/2-1/2

[Event "18th Charleroi Open-A 2019"]
[Site "Charleroi"]
[Date "2019.08.01"]
[Round "7.12"]
[White "De Villers, Mourad"]
[Black "Vernimmen, Pierre"]
[Result "1-0"]
[ECO "E72"]
[WhiteElo "2140"]
[BlackElo "1911"]
[Annotator "NA"]
[PlyCount "79"]
[EventDate "2019.07.22"]
[EventType "swiss"]
[EventCountry "BEL"]
[SourceTitle "playchess.com"]
[Source "ChessBase"]
[SourceQuality "1"]
[TimeControl "40/5400+30:1800+30"]

1. c4 Nf6 2. Nc3 g6 3. g3 Bg7 4. Bg2 O-O 5. e4 d6 6. Nge2 c5 7. d4 Nc6 8. d5 Na5 9. b3 b5 10. cxb5 a6 11. b6 Qxb6 12. O-O Bg4 13. Bd2 Nb7 14. h3 Bxe2 15. Qxe2 Nd7 16. Rac1 Rac8 17. Rfd1 c4 18. Na4 Qb5 19. Rxc4 Rxc4 20. Qxc4 Qxc4 21. bxc4 Nbc5 22. Nxc5 Nxc5 23. Be3 Rb8 24. f4 Na4 25. e5 Rc8 26. Rc1 Kf8 27. Bf1 Ke8 28. c5 Nxc5 29. Bxa6 Ra8 30. Bb5+ Kd8 31. a4 f6 32. Bc6 Ra7 33. Rxc5 dxc5 34. Bxc5 Rc7 35. exf6 Bxf6 36. Bb6 Kc8 37. Kg2 e6 38. Bxc7 Kxc7 39. Kf3 exd5 40. Bxd5 1-0

[Event "18th Charleroi Open-A 2019"]
[Site "Charleroi"]
[Date "2019.08.01"]
[Round "7.19"]
[White "Roels, Frederik"]
[Black "Duhayon, Yves"]
[Result "0-1"]
[ECO "D37"]
[WhiteElo "1944"]
[BlackElo "2132"]
[Annotator "NA"]
[PlyCount "96"]
[EventDate "2019.07.22"]
[EventType "swiss"]
[EventCountry "BEL"]
[SourceTitle "playchess.com"]
[Source "ChessBase"]
[SourceQuality "1"]
[TimeControl "40/5400+30:1800+30"]

1. d4 d5 2. c4 e6 3. Nc3 a6 4. cxd5 exd5 5. Nf3 Nf6 6. Bg5 Be6 7. e3 Nbd7 8. Bd3 Bd6 9. O-O O-O 10. Qc2 h6 11. Bf4 Qe7 12. Bxd6 Qxd6 13. Rfe1 c6 14. Rad1 Bg4 15. Be2 Rfe8 16. Nh4 Bxe2 17. Nxe2 Qf8 18. Nf3 Ne4 19. Nc3 f5 20. Nd2 Re6 21. f3 Nxd2 22. Rxd2 Rae8 23. Rde2 Qf6 24. Qd2 Qg5 25. Nd1 Nf6 26. Nf2 Nh5 27. Nd3 Qe7 28. Ne5 Kh7 29. Qc2 g6 30. a3 c5 31. g3 Nf6 32. Qd2 c4 33. Qa5 b5 34. Qd2 Nd7 35. f4 Nf6 36. Rg2 Ne4 37. Qa5 Qd8 38. Qb4 Qb6 39. Nd7 Qd6 40. Qxd6 Rxd6 41. Ne5 Re7 42. g4 fxg4 43. Rxg4 a5 44. h4 b4 45. axb4 axb4 46. Ra1 c3 47. Rg2 Rc7 48. bxc3 bxc3 0-1